 Dungeon Crawl Stone Soup version 0.30-a0-918-g0ff054e9dc (webtiles) character file.

Game seed: 15605313772069068600

200 bande the Covered (level 5, -3/33 HPs)
             Began as a Gargoyle Fighter on Mar 21, 2023.
             Slain by an iguana (7 damage)
             ... on level 4 of the Dungeon.
             The game lasted 00:03:08 (2258 turns).

bande the Covered (Gargoyle Fighter)                Turns: 2258, Time: 00:03:09

Health: -3/33      AC: 11    Str: 19    XL:     5   Next: 79%
Magic:  5/5        EV:  9    Int:  9    God:
Gold:   159        SH:  4    Dex: 11    Spells: 4/4 levels left

rFire   . . .      SeeInvis .    a - +0 war axe
rCold   . . .      Faith    .    c - +0 buckler
rNeg    + . .      Spirit   .    b - +0 scale mail
rPois   ∞          Reflect  .    (no helmet)
rElec   +          Rampage  .    (no cloak)
rCorr   +                        (no gloves)
Will    .....                    (no boots) Stlth
                                 (no amulet)
HPRegen 0.25/turn                h - ring of resist corrosion
MPRegen 0.09/turn                (no ring)

@: no status effects
A: sickness immunity, AC +4, negative energy resistance 1, electricity
resistance, torment resistance 1, petrification resistance
a: no special abilities


You were on level 4 of the Dungeon.
You visited 1 branch of the dungeon, and saw 4 of its levels.

You collected 159 gold pieces.

Inventory:

Hand Weapons
 a - a +0 war axe (weapon)
 o - a +0 flail
Armour
 b - a +0 scale mail (worn)
 c - a +0 buckler (worn)
Jewellery
 h - a ring of resist corrosion (left hand)
Scrolls
 e - 5 scrolls of identify {unknown}
 f - 2 scrolls of amnesia {unknown}
 g - 2 scrolls of enchant armour {unknown}
 j - a scroll of magic mapping {unknown}
 k - 2 scrolls of fear {unknown}
 m - a scroll of vulnerability {unknown}
 p - a scroll of teleportation {unknown}
Potions
 d - 2 potions of might
 i - a potion of curing {unknown}
 l - a potion of brilliance {unknown}
 n - a potion of cancellation {unknown}


   Skills:
 + Level 4.2 Fighting
 + Level 3.9 Axes
 + Level 4.3 Armour
 + Level 3.8 Shields


You had 4 spell levels left.
You didn't know any spells.
Your spell library contained the following spells:

 Spells                   Type           Power      Damage    Failure   Level
 Ozocubu's Armour         Ice            0%         N/A       99%         3
 Ozocubu's Refrigeration  Ice            0%         4d7       100%        7


Dungeon Overview and Level Annotations

Branches:
Dungeon (4/15)
 Temple: D:4-7

Altars:

Annotations:
D:1 1 transporter
D:4 2 transporters, grumposus's ghost, amateur VSBr


Innate Abilities, Weirdness & Mutations

You are immune to sickness and miasma.
Your stone body is resilient. (AC +4)
You are immune to poison.
You resist negative energy. (rN+)
You are resistant to electric shocks. (rElec)
You are resistant to unholy torment.
You are immune to petrification.


Message History

You hit the iguana.
The iguana bites you but does no damage.
The sleepcap releases spores at you but does no damage.
You block the iguana's attack. The sleepcap barely misses you.
You hit the sleepcap but do no damage.
The sleepcap is heavily damaged.
You closely miss the iguana. The iguana barely misses you.
The sleepcap releases spores at you!
You slash the sleepcap!
The sleepcap is almost destroyed.
You hit the iguana. The iguana bites you. The sleepcap completely misses you.
You slash the sleepcap!
You destroy the sleepcap!
You completely miss the iguana. The iguana bites you. x2
You are too injured to fight recklessly!
You are too injured to fight recklessly!
You are too injured to fight recklessly!
You are too injured to fight recklessly!
You are too injured to fight recklessly!
You are too injured to fight recklessly!
You are too injured to fight recklessly!
You are too injured to fight recklessly!
You are too injured to fight recklessly!
You are too injured to fight recklessly!
You hit the iguana but do no damage.
The iguana is moderately wounded.
The iguana bites you.
You hit the iguana.
The iguana is moderately wounded.
The iguana bites you.
* * * LOW HITPOINT WARNING * * *
You slash the iguana!
The iguana is almost dead.
The iguana bites you.
* * * LOW HITPOINT WARNING * * *
The iguana bites you but does no damage.
You barely miss the iguana.
The iguana is almost dead.
The iguana bites you!
You die...

#..# .... #..# .....
#... ..... #.........
#..#...... .. ..
#..#...... #..
#..#......... 8[..
#..#.@l......
.##...##..#..####.$#
...Z...W..#.....#
......ZZW.©#..##....#
#############.(# ...#
.......©........#.)
..#
..................# ##
.................#..#
............###.......


You could see an iguana.

Vanquished Creatures
  A scorpion (D:3)
  Jessica (D:2)
  A sleepcap (D:4)
  3 adders
  3 worms
  3 dart slugs
  5 ball pythons
  5 endoplasms
  A giant cockroach (D:1)
  4 goblins
  3 hobgoblins (D:1)
  4 jackals (D:4)
  7 kobolds
  2 quokkas (D:2)
  3 bats
  5 frilled lizards
  5 rats
56 creatures vanquished.

Notes
Turn   | Place    | Note
-------+----------+-------------------------------------------
     0 | D:1      | bande the Gargoyle Fighter began the quest for the Orb.
     0 | D:1      | Reached XP level 1. HP: 14/14 MP: 1/1
   206 | D:1      | Reached XP level 2. HP: 19/19 MP: 2/2
   732 | D:2      | Reached XP level 3. HP: 23/23 MP: 3/3
   913 | D:2      | Noticed Jessica
   923 | D:2      | Killed Jessica
   924 | D:2      | Reached XP level 4. HP: 20/29 MP: 4/4
  2074 | D:3      | Noticed a scorpion
  2081 | D:3      | Killed a scorpion
  2082 | D:3      | Reached XP level 5. HP: 23/33 MP: 5/5
  2201 | D:4      | Found a transporter.
  2232 | D:4      | Found a transporter.
  2232 | D:4      | Noticed grumposus's ghost (amateur VSBr)
  2258 | D:4      | Slain by an iguana

Illustrated notes

Levels and vault maps discovered:
D:1:      spicycebolla_arrival_risky_transporter, layout_basic
D:2:      layout_basic, uniq_jessica
D:3:      layout_basic
D:4:      layout_rooms, marbit_many_paths, gammafunk_ghost_mausoleum,
          nicolae_zen_rock_garden

Skill      XL: |  1  2  3  4 |
---------------+-------------+-----
Axes           | 2 3 |  3.9
Armour         | 4 |  4.3
Fighting       | 4 |  4.2
Shields        | |  3.8

Action                     |  1- 3 |  4- 6 || total
---------------------------+-------+-------++-------
  Melee: War axe           |    87 |    94 ||   181
 Armour: Scale mail        |    57 |    44 ||   101
  Dodge: Dodged            |    40 |    40 ||    80
  Block: Buckler           |    22 |    21 ||    43

Table legend: (Time is in decaauts)
 A = Elapsed time spent in this place.
 B = Non-inter-level travel time spent in this place.
 C = Inter-level travel time spent in this place.
 D = Time resting spent in this place.
 E = Time spent auto-exploring this place.
 F = Levels seen in this place.
 G = Mean time per level.
                   A        B        C        D        E       F      G
               +--------+--------+--------+--------+--------+-----+--------+
         Total |   2330 |   2254 |     76 |      0 |   1802 |   4 |  582.5 |
       Dungeon |   2330 |   2254 |     76 |      0 |   1802 |   4 |  582.5 |
               +--------+--------+--------+--------+--------+-----+--------+

Top non-repeatable levels by time:
     D:3: 794 daAuts
     D:2: 743 daAuts
     D:1: 697 daAuts
     D:4: 94 daAuts
